 Dungeon Crawl Stone Soup version 0.27-a0-1202-ge72e49191c (webtiles) character file.

Game seed: 16047578137299970307

4 rlgrobin the Magician (level 1, -1/15 HPs)
             Began as a Djinni Hedge Wizard on June 3, 2021.
             Frozen to death by an endoplasm (7 damage)
             ... on level 2 of the Dungeon.
             The game lasted 00:03:04 (561 turns).

rlgrobin the Magician (Djinni Hedge Wizard)          Turns: 561, Time: 00:03:05

Health: -1/15      AC:  8    Str:  9    XL:     1   Next: 77%
Gold:   10         EV:  4    Int: 15    God:
                   SH:  0    Dex: 12

rFire    + + .     SeeInvis .   d - +0 hand axe
rCold    x . .     Faith    .   (no shield)
rNeg     . . .     Spirit   .   e - +0 chain mail
rPois    ∞         Reflect  .   c - +0 hat
rElec    .         Harm     .   (no cloak)
rCorr    .         Rampage  .   (no gloves)
Will     .....                  (boots unavailable)
Stlth    ..........             (no amulet)
HPRegen  0.05/turn              (no ring)
MPRegen  0.00/turn              (no ring)

@: flying, very slightly contaminated
A: sickness immunity, fire resistance 2, cold vulnerability 1, float, innate
caster, hp casting, extra vitality 1
a: no special abilities


You were on level 2 of the Dungeon.
You visited 1 branch of the dungeon, and saw 2 of its levels.

You collected 10 gold pieces.

Inventory:

Hand Weapons
 a - a +0 dagger
 d - a +0 hand axe (weapon)
Armour
 b - a +0 robe
 c - a +0 hat (worn)
 e - a +0 chain mail (worn)


   Skills:
 + Level 2.1 Dodging
 + Level 1.6 Stealth
 + Level 2.6 Spellcasting


You couldn't memorise any spells.
You knew the following spells:

 Your Spells              Type           Power      Damage    Failure   Level
a - Magic Dart            Conj           36%        1d4       100%        1
b - Blink                 Tloc           N/A        N/A       100%        2
c - Call Imp              Summ           9%         N/A       100%        2
d - Slow                  Hex            9%         N/A       100%        2
e - Conjure Flame         Conj/Fire      9%         6-21      100%        3
f - Mephitic Cloud        Conj/Pois/Air  9%         N/A       100%        3
Your spell library was empty.


Dungeon Overview and Level Annotations

Branches:
Dungeon (2/15)

Altars:


Innate Abilities, Weirdness & Mutations

You are immune to sickness and miasma.
You are immune to poison.
Your flesh is very heat resistant. (rF++)
You are vulnerable to cold. (rC-)
You float through the air rather than walking.
You learn spells naturally, not from books.
Your magical power is your life essence.
You have superior vitality. (+4 HP)


Message History

Found 5 gold pieces.
There is an open door here.
A ball python comes into view.
The ball python hisses angrily.
The ball python bites you but does no damage.
The ball python grabs you. The ball python constricts you.
You escape the ball python's grasp.
Sorry, you're not good enough to have a special ability.
Casting: Magic Dart (safe; 100% risk of failure)
Confirm with . or Enter, or press ? or * to list all spells.
Aiming: Magic Dart (safe; 100% risk of failure)
Press: ? - help, Shift-Dir - straight line, f - ball python
Aim: a ball python (100% to hit)
You miscast Magic Dart.
You are very lightly contaminated with residual magic.
Nothing appears to happen.
The ball python bites you but does no damage.
The ball python grabs you. The ball python constricts you.
You hit the ball python.
You kill the ball python!
You now have 10 gold pieces (gained 5).
Your magical contamination has completely faded away.
An endoplasm comes into view.
Sorry, you're not good enough to have a special ability.
Casting: Magic Dart (safe; 100% risk of failure)
Confirm with . or Enter, or press ? or * to list all spells.
Aiming: Magic Dart (safe; 100% risk of failure)
Press: ? - help, Shift-Dir - straight line, f - endoplasm
Aim: an endoplasm (100% to hit)
You miscast Magic Dart.
You are very lightly contaminated with residual magic.
Nothing appears to happen.
You hit the endoplasm but do no damage. The endoplasm hits you.
The endoplasm freezes you.
You are frozen.
You feel a terrible chill!
You hit the endoplasm.
The endoplasm is severely wounded.
The endoplasm freezes you.
You are frozen!
You feel a terrible chill!
You die...

# ##..# ##..# ##.......
####...###########...####........
'..)....................'........
###....###########...####........
# #.#.## ##..# ##....... #.###
##.# ##.....# #.# ##.#.# ##...##
#.# ###.###.# ##+## #.# #@.## #.#
#.# #J#.# ## #.##.# #.# #.# ...
... #.# ### #.# .... #.. ####


You could see an endoplasm.

Vanquished Creatures
  A ball python (D:2)
  An endoplasm (D:2)
  A hobgoblin (D:2)
  A bat (D:2)
4 creatures vanquished.

Notes
Turn   | Place    | Note
-------+----------+-------------------------------------------
     0 | D:1      | rlgrobin the Djinni Hedge Wizard began the quest for the
                  | Orb.
     0 | D:1      | Reached XP level 1. HP: 15/15 MP: 0/0
   561 | D:2      | Frozen to death by an endoplasm

Illustrated notes

Levels and vault maps discovered:
D:1:      minmay_arrival_semitransparent, layout_basic,
          shapermc_ecumenical_altar_gd, interstate_on_off
D:2:      layout_loops_corners, minmay_surrounded, uniq_sigmund

Action                   || total
-------------------------++-------
Melee: Hand axe          ||    21
Armor: Chain mail        ||    57
Dodge: Dodged            ||    14

Table legend: (Time is in decaauts)
 A = Elapsed time spent in this place.
 B = Non-inter-level travel time spent in this place.
 C = Inter-level travel time spent in this place.
 D = Time resting spent in this place.
 E = Time spent auto-exploring this place.
 F = Levels seen in this place.
 G = Mean time per level.
                   A        B        C        D        E       F      G
               +--------+--------+--------+--------+--------+-----+--------+
         Total |    566 |    564 |      2 |    275 |      0 |   2 |  283.0 |
       Dungeon |    566 |    564 |      2 |    275 |      0 |   2 |  283.0 |
               +--------+--------+--------+--------+--------+-----+--------+

Top non-repeatable levels by time:
     D:2: 499 daAuts
     D:1: 66 daAuts
